 Dungeon Crawl Stone Soup version 0.30.1-4-g462c640d31 (webtiles) character file.

Game seed: 6675502077784566818

268 Kurtz the Chopper (level 6, -6/35 (37) HPs)
             Began as a Tengu Fighter on Sept 17, 2023.
             Mangled by a gnoll sergeant
             ... wielding a +0 trident
              (8 damage)
             ... on level 3 of the Dungeon.
             The game lasted 00:03:49 (2927 turns).

Kurtz the Chopper (Tengu Fighter)                   Turns: 2927, Time: 00:03:50

HP:   -6/35 (37)    AC:  9    Str: 18    XL:     6   Next: 21%
MP:   7/7           EV:  9    Int:  9    God:
Gold: 182           SH:  5    Dex: 13    Spells: 5/5 levels left

rFire   . . .        a - +0 war axe
rCold   + . .        c - +0 buckler
rNeg    . . .        k - +0 chain mail
rPois   .            (helmet restricted)
rElec   .            (no cloak)
rCorr   .            (no gloves)
SInv    .            (boots unavailable)
Will    .....        (no amulet) Stlth
                     v - ring of protection from cold
HPRegen 0.25/turn    (no ring)
MPRegen 0.10/turn

%: no passive effects
@: flying quickly and evasively, drained, quick
A: beak, talons 3, nimble flight
a: no special abilities


You were on level 3 of the Dungeon.
You visited 1 branch of the dungeon, and saw 4 of its levels.
You also visited: Sewer.

You collected 182 gold pieces.

Inventory:

Hand Weapons
 a - a +0 war axe (weapon)
Missiles
 h - 2 javelins (quivered)
 j - 19 poisoned darts
Armour
 c - a +0 buckler (worn)
 k - a +0 chain mail (worn)
Jewellery
 v - a ring of protection from cold (left hand)
 w - an amulet of magic regeneration
Scrolls
 b - a scroll of vulnerability
 e - 2 scrolls of identify
 f - 2 scrolls of fog
 m - a scroll of enchant armour {unknown}
 q - a scroll of enchant weapon {unknown}
 r - a scroll of acquirement {unknown}
 s - 2 scrolls of magic mapping {unknown}
 t - a scroll of teleportation {unknown}
 u - a scroll of poison {unknown}
 x - a scroll of amnesia {unknown}
Potions
 d - a potion of might
 g - 3 potions of curing {unknown}
 i - 2 potions of haste {unknown}
 l - 3 potions of brilliance {unknown}
 n - a potion of heal wounds {unknown}
 o - 3 potions of mutation {unknown}
 p - a potion of attraction {unknown}
 z - a potion of degeneration {unknown}


   Skills:
 * Level 3.6 Fighting
 * Level 4.6 Axes
 * Level 4.2 Armour
 * Level 2.0 Dodging
 * Level 3.8 Shields


You had 5 spell levels left.
You didn't know any spells.
Your spell library contained the following spells:

 Spells                   Type           Power      Damage    Failure   Level
 Necrotise                Necr           0%         1d4       99%         1
 Summon Small Mammal      Summ           0%         N/A       99%         1
 Call Canine Familiar     Summ           0%         N/A       100%        3
 Summon Guardian Golem    Hex/Summ       0%         N/A       100%        3
 Vampiric Draining        Necr           0%         2d6       100%        3
 Agony                    Necr           0%         N/A       100%        5


Dungeon Overview and Level Annotations

Branches:
Dungeon (4/15)              Sewer (visited)
 Temple: D:4-7

Altars:
Fedhas
Kikubaaqudgha
Qazlal

Shops:
D:2 *

Annotations:
D:3 3 runed translucent doors, Crazy Yiuf; gohan83's ghost, amateur GrBe


Innate Abilities, Weirdness & Mutations

You have a beak for a mouth.
You have claws for feet.
Your magical nature lets you fly swiftly and evasively.


Message History

The gnoll is heavily wounded.
The gnoll misses you.
You hit the gnoll but do no damage.
The gnoll is heavily wounded.
A gnoll comes into view. It is wielding a +0 spear.
The gnoll hits you with a +0 flail!
The gnoll shouts!
You hit the gnoll but do no damage. Your peck misses the gnoll.
The gnoll is heavily wounded.
You block the gnoll sergeant's attack.
The gnoll hits you with a +1 flail of draining.
You feel drained. The gnoll sergeant closely misses you.
You block the gnoll sergeant's attack.
There is a shaft here.
The gnoll falls through a shaft!
The shaft crumbles and collapses.
There is an open door here.
There is a stone staircase leading down here.
You see here a dart slug corpse.
You see here 11 gold pieces.
You hear the slow hiss of a distant avalanche of sand.
There is a stone staircase leading up here.
The gnoll sergeant hits you with a +0 trident.
There is a stone staircase leading up here.
The gnoll sergeant hits you with a +0 trident.
You fly upwards.
Level annotation: 3 runed translucent doors, Crazy Yiuf; gohan83's ghost, amateur GrBe
There is a stone staircase leading down here.
You hit the gnoll sergeant but do no damage.
The gnoll sergeant hits you with a +0 trident!
Unknown command.
You are too injured to fight recklessly!
You barely miss the gnoll sergeant. You claw the gnoll sergeant.
The gnoll sergeant is lightly wounded.
The gnoll sergeant hits you with a +0 trident.
You barely miss the gnoll sergeant. Your peck misses the gnoll sergeant.
The gnoll sergeant is lightly wounded.
The gnoll sergeant hits you with a +0 trident!
* * * LOW HITPOINT WARNING * * *
The gnoll sergeant hits you with a +0 trident!
You die...

#........# #
#.######.# ## #.#
#.#########.
#.######...........
#..(....#...#......
#...........#......
#...........#......
#..g........#......
#.@.........'......
#...........#......
#...........#......
#.######....#......
#......+....#.....#
########....#.....#
#....####### #....#
#....#


You could see a gnoll sergeant.

Vanquished Creatures
  Pargi (Sewer)
  An orc wizard (D:3)
  4 adders
  A river rat (D:3)
  2 worms (D:3)
  2 dart slugs
  4 orcs (D:3)
  4 bats
  9 endoplasms
  6 giant cockroaches
  5 hobgoblins
  5 kobolds
  3 quokkas
  7 ball pythons
  6 frilled lizards
  17 goblins
  9 rats
86 creatures vanquished.

Notes
Turn   | Place    | Note
-------+----------+-------------------------------------------
     0 | D:1      | Kurtz the Tengu Fighter began the quest for the Orb.
     0 | D:1      | Reached XP level 1. HP: 14/14 MP: 2/2
   120 | D:1      | Reached XP level 2. HP: 19/19 MP: 3/3
   386 | D:1      | Reached skill level 1 in Dodging
   501 | D:1      | Reached XP level 3. HP: 15/23 MP: 4/4
  1065 | D:2      | Found Gugroro's Assorted Antiques.
  1655 | D:3      | Reached XP level 4. HP: 19/28 MP: 5/5
  1724 | D:3      | Found a glowing drain.
  1739 | Sewer    | Entered a sewer
  1841 | Sewer    | Noticed Pargi
  1857 | Sewer    | Killed Pargi
  1858 | Sewer    | Gained mutation: Your magical nature lets you fly swiftly
                  | and evasively. [Tengu growth]
  1858 | Sewer    | Reached XP level 5. HP: 32/32 MP: 6/6
  2306 | D:3      | Found a runed translucent door.
  2308 | D:3      | Noticed gohan83's ghost (amateur GrBe)
  2324 | D:3      | Found a runed translucent door.
  2328 | D:3      | Reached XP level 6. HP: 37/37 MP: 7/7
  2366 | D:3      | Found an ancient bone altar of Kikubaaqudgha.
  2762 | D:3      | Found a runed translucent door.
  2763 | D:3      | Noticed Crazy Yiuf
  2832 | D:4      | Found a stormy altar of Qazlal.
  2879 | D:4      | Found a blossoming altar of Fedhas.
  2927 | D:3      | Mangled by a gnoll sergeant

Illustrated notes

Levels and vault maps discovered:
D:1:      dpeg_arrival_shelter, layout_basic
D:2:      layout_basic, serial_shops, shop, nicolae_kite_square_tiling_tiny
D:3:      minmay_diamond_boxcup, layout_basic,
          nicolae_kikubaaqudgha_miasma_corner, ebering_ghost_sewer_f,
          gup_sewer_entry_bubbles, corexii_leaking_fountain,
          nicolae_concentric_dashed_squares_wild, uniq_crazy_yiuf_cottage
D:4:      layout_basic, evilmike_ruin_ashenzari, kennysheep_mini,
          grunt_qazlal_clouds, mainiacjoe_overflow_small_starburst,
          enter_ossuary_2, serial_bayou, serial_bayou_crossing,
          serial_bayou_lagoon_b, serial_bayou_shore_b, serial_bayou_lake_a,
          serial_bayou_pond_e, serial_bayou_pond_a, serial_shops, shop,
          nicolae_shop_gaudy_bauble, shop, shop, shop, st_stairs_11,
          corexii_shack, uniq_natasha, uniq_sigmund

Skill      XL: |  1  2  3  4  5  6 |
---------------+-------------------+-----
Dodging        | 1 2 |  2.0
Axes           | 4 |  4.6
Armour         | 4 |  4.2
Fighting       | |  3.6
Shields        | |  3.8

Action                     |  1- 3 |  4- 6 || total
---------------------------+-------+-------++-------
  Melee: War axe           |    91 |   107 ||   198
         Peck              |     9 |    12 ||    21
         Kick              |    12 |    17 ||    29
  Throw: Dart              |       |     2 ||     2
         Throwing net      |       |     2 ||     2
         Javelin           |       |     1 ||     1
    Use: Scroll            |     1 |     1 ||     2
   Stab: Held in net/web   |       |     1 ||     1
 Armour: Scale mail        |    23 |       ||    23
         Chain mail        |    20 |    39 ||    59
  Dodge: Dodged            |    38 |    34 ||    72
  Block: Buckler           |    21 |    27 ||    48
